 Dungeon Crawl Stone Soup version 0.25-a0-822-g6581751 (webtiles) character file.

Game seed: 2952947692081436125, levelgen mode: deterministic

743 BlueFish the Magician (level 7, -16/51 HPs)
             Began as a Mummy Wizard on Apr 20, 2020.
             Demolished by a two-headed ogre
             ... wielding a +0 giant spiked club
              (28 damage)
             ... on level 6 of the Dungeon.
             The game lasted 00:12:58 (7157 turns).

BlueFish the Magician (Mummy Wizard)                Turns: 7157, Time: 00:12:58

Health: -16/51     AC:  4    Str: 10    XL:     7   Next: 47%
Magic:  10/18      EV: 13    Int: 19    God:
Gold:   159        SH:  0    Dex: 11    Spells: 11/21 levels left

rFire    x . .     SeeInvis .   g - +2 spear "Newoejim" {venom, rPois}
rCold    + . .     Gourm    .   (no shield)
rNeg     + + +     Faith    .   l - +1 robe {rN+}
rPois    ∞         Spirit   .   b - +1 hat
rElec    .         Reflect  .   (no cloak)
rCorr    .         Harm     .   (no gloves)
MR       .....                  (no boots)
Stlth    +++.......             (no amulet)
HPRegen  0.17/turn              j - ring of stealth
MPRegen  0.16/turn              (no ring)

@: very slightly contaminated
A: no food or potions, fire vulnerability, cold resistance 1, negative energy
resistance 3, torment resistance, unbreathing
a: no special abilities


You were on level 6 of the Dungeon.
You were not hungry.

You visited 1 branch of the dungeon, and saw 6 of its levels.

You collected 381 gold pieces.
You spent 222 gold pieces at shops.

Inventory:

Hand Weapons
 e - a +0 spear
 g - the +2 spear "Newoejim" (weapon) {venom, rPois}
   (You found it on level 5 of the Dungeon)

   It poisons the flesh of those it strikes.
   It protects you from poison.
 h - a +4 whip
Armour
 b - a +1 hat (worn)
 l - a +1 robe of positive energy (worn)
Jewellery
 j - a ring of stealth (left hand)
 m - an uncursed ring of protection from cold
Scrolls
 a - 2 scrolls of enchant armour
 c - a scroll of remove curse
 d - a scroll of amnesia
 f - 3 scrolls of enchant weapon
 n - a scroll of fear
 o - a scroll of noise


   Skills:
 * Level 2.5 Fighting
 + Level 1.2 Maces & Flails
 + Level 0.3 Polearms
 * Level 2.9 Dodging
 * Level 3.1 Stealth
 * Level 7.7 Spellcasting
 + Level 1.7 Conjurations
 + Level 1.2 Summonings
 + Level 0.7 Translocations
 + Level 0.1 Air Magic
 + Level 0.1 Poison Magic


You had 11 spell levels left.
You knew the following spells:

 Your Spells              Type           Power        Failure   Level  Hunger
a - Magic Dart            Conj           ##..         4%          1    N/A
b - Blink                 Tloc           N/A          11%         2    N/A
c - Call Imp              Summ           ##......     9%          2    N/A
d - Slow                  Hex            #.......     14%         2    N/A
e - Mephitic Cloud        Conj/Pois/Air  #.......     22%         3    N/A

Your spell library contained the following spells:

 Spells                   Type           Power        Failure   Level  Hunger
 Conjure Flame            Conj/Fire      ##......     21%         3    N/A

Dungeon Overview and Level Annotations

Branches:
Dungeon (6/15)
 Temple: D:4-7

Altars:
Elyvilon
Makhleb
Ru
Zin

Shops:
D:2 *   D:5 [

Annotations:
D:4 Edmund


Innate Abilities, Weirdness & Mutations

You do not eat or drink.
Your flesh is vulnerable to fire.
You are immune to poison.
Your flesh is cold resistant. (rC+)
You are immune to negative energy. (rN+++)
You are immune to unholy pain and torment.
You can survive without breathing.


Message History

Casting: Mephitic Cloud (mildly dangerous; 22% risk of failure)
Confirm with . or Enter, or press ? or * to list all spells.
Aiming: Mephitic Cloud (mildly dangerous; 22% risk of failure)
Press: ? - help, Shift-Dir - straight line, f/p - two-headed ogre
Aim: a two-headed ogre, wielding a +0 giant spiked club and a +2 dire flail of protection (heavily wounded, very poisoned)
You miscast Mephitic Cloud.
You are very lightly contaminated with residual magic.
Nothing appears to happen.
The two-headed ogre hits you with a +0 giant spiked club!
The two-headed ogre hits you with a +2 dire flail of protection!
Casting: Mephitic Cloud (mildly dangerous; 22% risk of failure)
Confirm with . or Enter, or press ? or * to list all spells.
Aiming: Mephitic Cloud (mildly dangerous; 22% risk of failure)
Press: ? - help, Shift-Dir - straight line, f/p - two-headed ogre
Aim: a two-headed ogre, wielding a +0 giant spiked club and a +2 dire flail of protection (heavily wounded, very poisoned)
You miscast Mephitic Cloud.
Energy rips through your body!
* * * LOW HITPOINT WARNING * * *
The two-headed ogre hits you with a +0 giant spiked club!!
Ouch! That really hurt!
You die...

###.#.##..# #.#
.)..#.....# #.# ....#
....###.#
.#######......#####
....#.....###.##..
###.#.........##.#
#.#.##..###.##.#
#...##.># #.##O#
######..###.##@######
#.#........$.....
##.#...##########
#### ##.### .... #.#
.... #. ###. #. ....
#. ###. #.


You could see a two-headed ogre.

Vanquished Creatures
  A phantom (D:4)
  A centaur (D:5)
  A scorpion (D:4)
  A howler monkey (D:3)
  A crimson imp (D:5)
  4 hounds
  2 orc wizards (D:5)
  A worker ant (D:5)
  2 hound skeletons (D:4)
  A howler monkey zombie (D:5)
  4 adders
  An adder zombie (D:5)
  An adder skeleton (D:2)
  2 dart slugs
  A worm (D:2)
  10 leopard geckos
  7 orcs (D:5)
  4 bats
  3 giant cockroaches (D:1)
  15 goblins
  7 hobgoblins
  4 jackals
  2 quokkas (D:4)
  6 frilled lizards
  8 kobolds
  A leopard gecko skeleton (D:5)
  A quokka skeleton (D:4)
  2 quokka zombies (D:5)
  7 rats
101 creatures vanquished.

Vanquished Creatures (collateral kills)
  An ogre (D:4)
  A bullfrog skeleton (D:4)
  A hound skeleton (D:5)
  A gnoll (D:1)
  A worm (D:2)
5 creatures vanquished.

Grand Total: 106 creatures vanquished

Notes
Turn   | Place    | Note
-------+----------+-------------------------------------------
     0 | D:1      | BlueFish the Mummy Wizard began the quest for the Orb.
     0 | D:1      | Reached XP level 1. HP: 13/13 MP: 5/5
   220 | D:1      | Reached XP level 2. HP: 19/19 MP: 1/7
   240 | D:1      | Learned a level 2 spell: Blink
   243 | D:1      | Learned a level 2 spell: Call Imp
   246 | D:1      | Learned a level 2 spell: Slow
   607 | D:1      | Reached skill level 5 in Spellcasting
   836 | D:1      | Reached XP level 3. HP: 21/25 MP: 7/9
   841 | D:1      | Learned a level 3 spell: Mephitic Cloud
  1247 | D:1      | Reached skill level 1 in Fighting
  1877 | D:2      | Reached skill level 1 in Conjurations
  1963 | D:2      | Found Zin's Purification Station.
  1969 | D:2      | Found a glowing silver altar of Zin.
  2273 | D:2      | Reached XP level 4. HP: 32/32 MP: 6/11
  3122 | D:3      | Reached XP level 5. HP: 29/37 MP: 8/13
  3264 | D:3      | Reached skill level 6 in Spellcasting
  3660 | D:3      | Found a white marble altar of Elyvilon.
  4246 | D:4      | Noticed Edmund
  4741 | D:4      | Found a burning altar of Makhleb.
  4748 | D:4      | Reached XP level 6. HP: 42/44 MP: 11/15
  5261 | D:4      | Reached skill level 1 in Summonings
  5593 | D:4      | Reached skill level 7 in Spellcasting
  6014 | D:5      | Entered Level 5 of the Dungeon
  6029 | D:5      | Found Awaceogh's Antique Armour Emporium.
  6032 | D:5      | Bought a glowing robe for 74 gold pieces
  6043 | D:5      | Bought an embroidered robe for 74 gold pieces
  6054 | D:5      | Bought a glowing robe for 74 gold pieces
  6287 | D:5      | Reached XP level 7. HP: 50/50 MP: 13/17
  6304 | D:5      | Reached skill level 1 in Maces & Flails
  6395 | D:5      | Found a sacrificial altar of Ru.
  6433 | D:5      | Got a faintly glowing spear
  6434 | D:5      | Identified the +2 spear "Newoejim" {venom, rPois} (You
                  | found it on level 5 of the Dungeon)
  7142 | D:6      | Noticed a two-headed ogre
  7157 | D:6      | Demolished by a two-headed ogre

Levels and vault maps discovered:
D:1:      saegor_arrival_simple_e, layout_basic
D:2:      layout_loops_ring, zin_purify, first_ration
D:3:      layout_loops_ring, overflow_temple_1_default
D:4:      layout_basic, makhleb_blood_cavern_becter, uniq_edmund
D:5:      layout_basic, nicolae_ru_the_path_less_chosen, serial_shops,
          kennysheep_mini_moat
D:6:      layout_loops_ring, minmay_temple_entry_enclosed_plants, serial_shops,
          kennysheep_little_box

Skill      XL: |  1  2  3  4  5  6  7 |
---------------+----------------------+-----
Spellcasting   | 5 6 7 |  7.7
Fighting       | 1 2 |  2.5
Conjurations   | 1 |  1.7
Stealth        | 2 3 |  3.1
Dodging        | 2 |  2.9
Summonings     | 1 |  1.2
Maces & Flails | 1 |  1.2
Polearms       | |  0.3
Translocations | |  0.7
Air Magic      | |  0.1
Poison Magic   | |  0.1

Action                   |  1- 3 |  4- 6 |  7- 9 || total
-------------------------+-------+-------+-------++-------
Melee: Unarmed           |     3 |       |       ||     3
       Dagger            |     6 |       |       ||     6
       Spear             |    31 |       |    45 ||    76
       Whip              |       |    89 |    15 ||   104
 Cast: Magic Dart        |   110 |   132 |    31 ||   273
       Call Imp          |     3 |    14 |     2 ||    19
       Mephitic Cloud    |       |     5 |     2 ||     7
  Use: Scroll            |     2 |     7 |     3 ||    12
 Stab: Sleeping          |     1 |     2 |     2 ||     5
       Confused          |       |     1 |     3 ||     4
Armor: Robe              |     9 |    15 |    16 ||    40
Dodge: Dodged            |    29 |    66 |    36 ||   131

Table legend:
 A = Non-vault XP
 B = Vault XP
 C = Vault XP percentage of total XP
 D = Non-vault monster count
 E = Vault monster count
 F = Vault count percentage of total count
                 A         B        C        D         E       F
            +---------+---------+-------+---------+---------+-------
      Total |    1019 |      43 |   4.0 |     105 |       1 |   0.9
            +---------+---------+-------+---------+---------+-------
        D:1 |      61 |       0 |   0.0 |      29 |       0 |   0.0
        D:2 |      61 |       0 |   0.0 |      24 |       0 |   0.0
        D:3 |      89 |       0 |   0.0 |      13 |       0 |   0.0
        D:4 |     428 |      43 |   9.1 |      16 |       1 |   5.9
        D:5 |     380 |       0 |   0.0 |      23 |       0 |   0.0
            +---------+---------+-------+---------+---------+-------
